Map: Blackpink LE

Players

Kelazhur

  • Race: Terran Terran
  • Spawn Location: 7:00

sOs - Winner!

  • Race: Protoss Protoss
  • Spawn Location: 1:00

Event: IEM Season 12 - PyeongChang

VOD

Have the link to the VOD?

Description

Time

  • Played on: Feb. 6, 2018, 12:09 a.m.
  • Length: 18:32

All games in this series

Show
View Real Time Build Order
Export as new Build Order

Kelazhur Terran 

Build Orders: Gas First Reaper Expand, Reaper Expand, MMM Bio 

Get SALT Encoding   

  12  0:00  SCV  
  13  0:12  SCV  
  14  0:17  Supply Depot  
  14  0:24  SCV  
  14  0:27  Refinery  
  15  0:39  SCV  
  16  0:44  Barracks  
  16  0:51  SCV  
  17  1:03  SCV  
  18  1:15  SCV  
  19  1:31  Reaper, Orbital Command  
  20  1:46  Command Center  
  20  1:56  SCV  
  20  2:00  Factory  
  21  2:04  Barracks Reactor  
  21  2:08  SCV  
  21  2:13  Supply Depot  
  22  2:18  Refinery  
  22  2:21  SCV  
  23  2:34  SCV  
  24  2:45  Starport  
  24  2:48  SCV  
  24  2:49  Hellion  
  24  2:50  Hellion  
  29  2:56  Barracks Tech Lab  
  29  2:58  Orbital Command  
  29  3:00  SCV  
  30  3:11  Widow Mine x2  
  30  3:12  SCV  
  35  3:21  Marine  
  35  3:22  Medivac  
  35  3:24  SCV  
  35  3:25  SCV  
  40  3:34  Widow Mine  
  41  3:36  SCV  
  41  3:37  SCV  
  41  3:48  SCV, Marine  
  41  3:49  SCV  
  41  3:53  Engineering Bay  
  41  3:54  Supply Depot  
  42  3:56  Bunker  
  42  3:57  Widow Mine x2  
  46  4:07  Viking, SCV, Stimpack, Marine  
  46  4:08  SCV  
  51  4:19  Supply Depot, SCV  
  51  4:20  SCV  
  53  4:25  Marine  
  55  4:31  SCV  
  55  4:32  SCV  
  54  4:42  Marine  
  54  4:43  SCV  
  54  4:44  SCV  
  51  4:48  Command Center  
  51  4:52  Missile Turret  
  51  4:55  SCV  
  51  4:56  Missile Turret  
  51  4:57  SCV  
  51  4:59  Terran Infantry Weapons Level 1  
  53  5:00  Marine  
  50  5:07  SCV  
  50  5:11  Viking  
  50  5:12  Barracks  
  53  5:16  SCV  
  53  5:18  Marine  
  53  5:20  Widow Mine  
  53  5:21  Barracks  
  57  5:22  Widow Mine  
  57  5:23  SCV  
  60  5:29  SCV  
  60  5:32  Supply Depot, Refinery x2  
  60  5:35  SCV  
  62  5:36  Marine  
  62  5:41  SCV  
  64  5:42  Starport Reactor  
  64  5:47  SCV  
  65  5:54  Marine  
  66  5:57  Factory Reactor, Barracks  
  66  5:59  Barracks  
  66  6:00  SCV x2, Orbital Command  
  68  6:09  Combat Shields  
  68  6:11  Marine  
  68  6:24  Marine x2  
  69  6:25  SCV  
  69  6:27  Medivac x2  
  69  6:29  Marine  
  74  6:35  Orbital Command  
  74  6:42  Marine x4  
  74  6:48  SCV, Marauder  
  74  6:49  Factory Reactor  
  74  6:52  SCV  
  74  6:54  Terran Infantry Armor Level 1  
  79  6:55  Barracks Tech Lab  
  79  6:56  Supply Depot  
  79  6:57  Barracks Tech Lab  
  79  6:59  Marine  
  79  7:00  SCV  
  80  7:04  SCV x2  
  80  7:07  Marine x3  
  85  7:08  Medivac x2  
  85  7:09  Marauder, Armory  
  85  7:12  SCV  
  85  7:14  Concussive Shells  
  92  7:18  Supply Depot, SCV, Marine, Marauder  
  92  7:21  Supply Depot, SCV  
  97  7:24  Missile Turret  
  97  7:25  Marauder  
  97  7:26  Supply Depot  
  97  7:29  SCV  
  100  7:30  Marauder  
  100  7:32  Bunker  
  100  7:34  Marine x3  
  100  7:35  SCV x2  
  106  7:39  Medivac  
  106  7:40  Medivac, Marauder  
  106  7:43  SCV  
  113  7:45  Marine  
  113  7:46  Marauder  
  113  7:47  SCV  
  113  7:49  Supply Depot  
  113  7:51  SCV, Engineering Bay  
  117  7:52  Marauder  
  117  7:54  Marine  
  117  7:55  Supply Depot, SCV  
  122  8:00  Marine x2  
  122  8:01  Marauder  
  122  8:03  Marine  
  125  8:06  Widow Mine x2  
  125  8:08  Marauder  
  125  8:12  Marine  
  126  8:13  Marine  
  126  8:18  Marine x2  
  122  8:23  Marauder  
  122  8:26  SCV  
  117  8:29  Marauder  
  117  8:31  SCV  
  117  8:32  SCV, Marine x2  
  117  8:33  Marauder  
  124  8:38  SCV  
  125  8:43  SCV, Marine x2  
  125  8:44  SCV, Marine  
  125  8:47  Terran Infantry Weapons Level 2  
  130  8:50  SCV, Marine  
  130  8:51  Marauder  
  138  8:55  Widow Mine  
  138  8:56  Widow Mine, SCV  
  140  9:03  SCV, Marine, Marauder  
  140  9:06  SCV  
  143  9:13  Marine  
  135  9:17  Widow Mine  
  135  9:23  Marauder  
  131  9:30  SCV  
  124  9:34  Widow Mine, Marine, Marauder  
  125  9:38  Widow Mine  
  125  9:39  SCV  
  125  9:40  SCV, Marine  
  125  9:42  SCV  
  125  9:45  Marine, Marauder  
  117  9:54  Marauder  
  115  10:01  Marine x3, Marauder  
  119  10:07  Marauder  
  119  10:14  Marine  
  119  10:15  Marauder  
  119  10:19  Marine  
  123  10:23  Marauder  
  123  10:29  Marauder  
  123  10:30  Marine  
  123  10:31  SCV x3  
  123  10:33  Widow Mine x2, Refinery x2  
  133  10:37  Marauder  
  133  10:40  Marine  
  133  10:41  Marine  
  133  10:44  Command Center, Marauder  
  133  10:48  SCV  
  133  10:49  Marine  
  135  10:50  Marauder  
  137  11:01  Marine, Marauder  
  112  11:20  Medivac x2  
  112  11:21  Widow Mine x2, Marine x4  
  112  11:22  Marine, Marauder x2  
  112  11:24  SCV x3, Terran Infantry Weapons Level 3  
  128  11:36  SCV x3  
  128  11:37  Fusion Core  
  128  11:39  Marine x2, Starport  
  133  11:40  Marauder  
  133  11:42  Marine x3  
  133  11:43  Marauder  
  133  11:44  Widow Mine x2  
  144  11:47  Barracks  
  144  11:48  Supply Depot  
  144  11:49  SCV x3, Barracks  
  147  11:55  Medivac  
  147  11:56  Missile Turret  
  147  11:57  Missile Turret, Medivac  
  147  12:01  Planetary Fortress  
  151  12:07  Marine x2, Marauder  
  155  12:09  SCV  
  155  12:11  Marine  
  155  12:12  Marauder  
  159  12:18  Starport Tech Lab  
  159  12:19  Widow Mine x2  
  159  12:20  SCV x2  
  159  12:21  SCV  
  166  12:25  Marauder  
  166  12:27  Marine  
  166  12:28  Marine  
  166  12:29  Marauder  
  172  12:36  Barracks Tech Lab  
  172  12:37  Supply Depot  
  172  12:39  Supply Depot  
  172  12:43  Marauder  
  172  12:44  SCV  
  171  12:45  Liberator  
  170  12:54  Liberator x2  
  170  12:55  Marauder  
  172  12:58  Marine x5  
  172  12:59  Marauder  
  172  13:00  Missile Turret, Ghost Academy  
  172  13:01  Terran Ship Weapons Level 1, Advanced Ballistics  
  188  13:27  Marauder  
  188  13:28  Liberator  
  188  13:37  Liberator  
  188  13:38  Marine x2, Marauder x3  
  177  13:47  Marine x3  
  177  13:48  Marauder  
  183  13:53  Refinery  
  183  13:54  Refinery  
  186  13:55  Marine  
  186  13:56  Supply Depot  
  186  14:01  Liberator  
  187  14:12  Barracks Tech Lab  
  187  14:15  Barracks  
  187  14:17  Ghost, Terran Infantry Armor Level 2, Barracks  
  192  14:27  Ghost x2, Command Center  
  196  14:31  Marine  
  196  14:32  Ghost, Marine x2, Liberator x2  
  182  14:44  Liberator  
  178  14:48  Widow Mine x2  
  158  14:54  Marine  
  158  14:55  Marine x3, Marauder x2  
  158  14:57  Marauder x2  
  162  15:01  Marine  
  165  15:15  Liberator x2  
  165  15:18  Barracks Tech Lab x2  
  165  15:28  Marine, Marauder x2  
  168  15:30  Personal Cloaking  
  168  15:31  Ghost x3  
  178  15:43  Liberator  
  173  15:50  Ghost x2  
  173  15:52  Marine  
  173  15:55  Marine  
  178  15:58  Liberator x2  
  178  16:00  Marauder  
  167  16:26  Liberator  
  147  16:41  Liberator x2  
  149  16:57  Marine  
  149  16:59  Nuke  
  149  17:00  Marine, Marauder  
  149  17:01  Marine, Marauder x2  
  150  17:24  Liberator  
  150  17:26  Medivac  
  152  17:36  Marine, Marauder  
  155  17:41  Medivac  
  146  18:03  Marine, Marauder  
  146  18:04  Marauder  
Show
View Real Time Build Order
Export as new Build Order

sOs Protoss - Winner!

Build Orders: 1 Gate Expand, Oracle Opening, Phoenix Opening 

Get SALT Encoding   

  12  0:00  Probe  
  13  0:12  Probe  
  14  0:17  Pylon  
  14  0:24  Probe (Chrono Boost)  
  15  0:36  Probe (Chrono Boost)  
  15  0:38  Gateway  
  16  0:45  Probe (Chrono Boost)  
  17  0:51  Probe  
  17  0:52  Assimilator  
  18  1:03  Probe  
  19  1:15  Probe  
  20  1:25  Nexus  
  20  1:35  Cybernetics Core  
  20  1:39  Probe  
  21  1:43  Assimilator  
  21  1:51  Probe  
  21  1:53  Pylon  
  22  2:03  Probe  
  23  2:10  Adept (Chrono Boost)  
  23  2:15  Probe  
  26  2:19  Stargate  
  26  2:27  Probe (Chrono Boost)  
  26  2:28  Warp Gate  
  27  2:33  Adept  
  29  2:38  Probe (Chrono Boost)  
  29  2:39  Probe (Chrono Boost)  
  31  2:48  Probe x2 (Chrono Boost)  
  33  2:55  Probe x2  
  35  3:01  Oracle (Chrono Boost)  
  38  3:07  Probe x2  
  40  3:23  Nexus  
  40  3:33  Gateway  
  40  3:34  Gateway  
  40  3:38  Probe  
  40  3:39  Probe  
  36  3:53  Phoenix (Chrono Boost)  
  36  3:54  Probe x2  
  40  4:01  Pylon  
  40  4:06  Probe x2  
  42  4:15  Phoenix (Chrono Boost)  
  44  4:18  Probe x2  
  46  4:30  Probe x2  
  48  4:31  Adept x3  
  49  4:42  Phoenix (Chrono Boost)  
  49  4:44  Probe (Chrono Boost)  
  53  4:50  Probe (Chrono Boost)  
  55  4:53  Probe (Chrono Boost)  
  55  4:54  Probe (Chrono Boost)  
  55  4:57  Probe (Chrono Boost)  
  55  4:59  Phoenix (Chrono Boost)  
  54  5:03  Probe (Chrono Boost)  
  58  5:15  Probe x3 (Chrono Boost)  
  58  5:20  Forge  
  58  5:21  Probe (Chrono Boost), Twilight Council  
  58  5:23  Probe x2 (Chrono Boost)  
  61  5:30  Assimilator  
  61  5:33  Robotics Facility  
  63  5:36  Probe (Chrono Boost)  
  63  5:40  Probe x2 (Chrono Boost), Protoss Ground Weapons Level 1 (Chrono Boost), Pylon  
  64  5:47  Probe (Chrono Boost)  
  67  5:50  Probe x2 (Chrono Boost)  
  67  5:51  Probe (Chrono Boost)  
  67  5:54  Pylon  
  67  5:55  Resonating Glaives (Chrono Boost)  
  68  5:57  Assimilator  
  68  5:59  Probe x2  
  70  6:10  Probe  
  71  6:11  Probe, Gateway  
  71  6:12  Probe, Gateway  
  71  6:13  Gateway  
  73  6:24  Gateway  
  71  6:26  Gateway  
  71  6:30  Warp Prism (Chrono Boost)  
  71  6:32  Probe x3  
  76  6:35  Robotics Bay  
  76  6:36  Pylon  
  76  6:42  Pylon  
  74  6:51  Adept x2, Sentry  
  74  6:53  Pylon  
  80  6:57  Probe x3  
  80  7:01  Pylon  
  83  7:05  Observer (Chrono Boost)  
  83  7:08  Assimilator  
  84  7:10  Assimilator  
  84  7:11  Adept, Sentry  
  84  7:12  Adept x2  
  92  7:17  Protoss Ground Armor Level 1 (Chrono Boost)  
  92  7:18  Probe  
  92  7:19  Probe x2  
  92  7:20  Observer  
  96  7:27  Pylon  
  96  7:28  Pylon  
  96  7:32  Pylon  
  96  7:39  Pylon  
  96  7:44  Colossus  
  96  7:46  Probe x3, Extended Thermal Lance  
  105  7:55  Pylon  
  105  7:58  Adept x4  
  105  7:59  Adept x4  
  109  8:21  Probe x2  
  109  8:23  Adept  
  109  8:24  Adept x5  
  103  8:35  Colossus (Chrono Boost), Blink  
  103  8:39  Forge  
  107  8:47  Protoss Ground Weapons Level 2 (Chrono Boost)  
  107  8:49  Adept x5, Sentry  
  119  8:58  Sentry, Stalker  
  120  9:11  Stalker x4  
  120  9:12  Stalker  
  130  9:18  Shield Battery  
  123  9:29  Zealot x2  
  123  9:30  Zealot  
  94  9:39  Colossus (Chrono Boost)  
  94  9:40  Stalker x5  
  95  9:53  Zealot x3  
  93  10:02  Probe  
  93  10:03  Pylon  
  93  10:05  Sentry x2  
  93  10:06  Zealot x2  
  101  10:15  Sentry, Stalker  
  101  10:16  Stalker x2  
  109  10:25  Colossus (Chrono Boost)  
  115  10:44  Zealot x3, Stalker x5  
  131  10:56  Protoss Ground Armor Level 2 (Chrono Boost)  
  131  11:07  Zealot x3  
  131  11:14  Colossus (Chrono Boost)  
  123  11:20  Pylon  
  121  11:26  Charge (Chrono Boost)  
  121  11:33  Protoss Ground Weapons Level 3 (Chrono Boost)  
  121  11:39  Zealot x4, Sentry  
  131  11:40  Zealot x2  
  135  11:50  Templar Archives  
  135  12:02  Nexus  
  135  12:05  Photon Cannon  
  135  12:06  Pylon, Immortal (Chrono Boost)  
  139  12:27  Psionic Storm  
  139  12:32  High Templar x3  
  139  12:34  High Templar  
  139  12:35  Zealot x4  
  155  12:40  Archon x2  
  147  12:58  Pylon  
  147  12:59  Pylon  
  147  13:06  Pylon  
  147  13:08  Pylon  
  147  13:10  Pylon  
  147  13:12  Pylon  
  147  13:15  Pylon  
  147  13:18  Stalker x3, High Templar  
  155  13:25  Stalker x4  
  159  13:33  Probe  
  156  13:45  Stalker x3  
  156  13:48  Photon Cannon  
  162  13:49  Observer  
  162  13:51  Photon Cannon  
  162  13:52  Protoss Ground Armor Level 3 (Chrono Boost)  
  160  13:55  Assimilator  
  160  13:58  Assimilator  
  160  13:59  High Templar x3  
  160  14:00  High Templar  
  168  14:15  Immortal  
  172  14:24  Probe  
  172  14:31  Protoss Shields Level 1 (Chrono Boost), Stalker x3  
  163  14:50  Stalker  
  163  14:51  Stalker x4  
  145  14:57  Stalker x3  
  143  15:02  Assimilator  
  143  15:12  Observer  
  143  15:22  Sentry, High Templar x2  
  143  15:23  Zealot x3, High Templar x2  
  143  15:27  Archon x2  
  159  15:31  Colossus (Chrono Boost)  
  163  15:55  Zealot x5  
  163  15:56  Zealot x2  
  163  16:14  Zealot  
  163  16:17  Zealot, Stalker x3  
  163  16:18  Zealot x2  
  172  16:23  Probe  
  170  16:26  Colossus (Chrono Boost)  
  172  16:42  Stalker x5  
  182  16:48  Zealot, High Templar x2  
  188  16:55  Archon  
  188  17:08  Nexus  
  188  17:09  Disruptor (Chrono Boost)  
  159  17:25  High Templar  
  159  17:26  High Templar  
  163  17:30  Stalker x5  
  163  17:31  Observer  
  163  17:35  Disruptor (Chrono Boost)  
  176  17:47  Pylon  
  150  18:06  Archon  
  150  18:15  Stalker x8  

Tags
 
Add a new tag
Caveats
  • Supply blocks, unpowered buildings, or Contaminate may cause inaccurate times.
  • Supply counts are checked every 10 seconds.